 Dungeon Crawl Stone Soup version 0.30-a0-802-gb92711bcdf (webtiles) character file.

Game seed: 4252984278447837619

319 Dittersdorf the Trooper (level 6, -2/40 HPs)
             Began as a Gargoyle Fighter on Feb 24, 2023.
             Slain by an ogre
             ... wielding a +0 giant club
              (7 damage)
             ... on level 4 of the Dungeon.
             The game lasted 00:04:39 (3044 turns).

Dittersdorf the Trooper (Gargoyle Fighter)          Turns: 3044, Time: 00:04:40

Health: -2/40      AC: 21    Str: 22    XL:     6   Next: 45%
Magic:  6/6        EV:  7    Int: 14    God:
Gold:   230        SH:  4    Dex:  9    Spells: 5/5 levels left

rFire   . . .      SeeInvis +    v - +1 flail (protect)
rCold   . . .      Faith    .    c - +0 buckler
rNeg    + . .      Spirit   .    q - +0 chain mail
rPois   ∞          Reflect  .    (no helmet)
rElec   +          Harm     .    (no cloak)
rCorr   .          Rampage  .    (no gloves)
Will    .....                    (no boots) Stlth
                                 j - amulet of the acrobat
HPRegen 0.26/turn                p - +6 ring of intelligence
MPRegen 0.10/turn                u - ring of see invisible

@: under a protective aura
A: sickness immunity, AC +4, negative energy resistance 1, electricity
resistance, torment resistance 1, petrification resistance
a: no special abilities


You were on level 4 of the Dungeon.
You visited 1 branch of the dungeon, and saw 4 of its levels.

You collected 230 gold pieces.

Inventory:

Hand Weapons
 v - a +1 flail of protection (weapon)
Armour
 c - a +0 buckler (worn)
 q - a +0 chain mail (worn)
 x - a +0 plate armour
Jewellery
 j - an amulet of the acrobat (around neck)
 p - a +6 ring of intelligence (left hand)
 u - a ring of see invisible (right hand)
Scrolls
 a - a scroll of magic mapping {unknown}
 b - 2 scrolls of poison {unknown}
 e - 5 scrolls of identify {unknown}
 k - a scroll of fog {unknown}
 m - a scroll of vulnerability {unknown}
 o - 2 scrolls of enchant weapon {unknown}
 r - a scroll of teleportation {unknown}
 s - a scroll of immolation {unknown}
Potions
 d - a potion of might
 f - a potion of ambrosia {unknown}
 g - 2 potions of curing {unknown}
 h - 2 potions of heal wounds {unknown}
 i - 2 potions of berserk rage {unknown}
 l - a potion of attraction {unknown}
 n - a potion of mutation {unknown}
 t - a potion of resistance {unknown}
 w - a potion of magic {unknown}


   Skills:
 + Level 4.8 Fighting
 + Level 3.6 Maces & Flails
 + Level 4.7 Armour
 + Level 4.7 Shields


You had 5 spell levels left.
You didn't know any spells.
Your spell library contained the following spells:

 Spells                   Type           Power      Damage    Failure   Level
 Dazzling Flash           Conj/Hex       0%         N/A       100%        3
 Agony                    Necr           0%         N/A       100%        5
 Silence                  Hex/Air        0%         N/A       100%        5


Dungeon Overview and Level Annotations

Branches:
Dungeon (4/15)
 Temple: D:4-7

Altars:
Hepliaklqana
Sif Muna
Trog

Shops:
D:2 (


Innate Abilities, Weirdness & Mutations

You are immune to sickness and miasma.
Your stone body is resilient. (AC +4)
You are immune to poison.
You resist negative energy. (rN+)
You are resistant to electric shocks. (rElec)
You are resistant to unholy torment.
You are immune to petrification.


Message History

The ogre hits you with a +0 giant club!
You are too injured to fight recklessly!
You are too injured to fight recklessly!
You are too injured to fight recklessly!
You are too injured to fight recklessly!
You are too injured to fight recklessly!
You are too injured to fight recklessly!
You are too injured to fight recklessly!
You are too injured to fight recklessly!
You are too injured to fight recklessly!
You are too injured to fight recklessly!
You are too injured to fight recklessly!
You are too injured to fight recklessly!
You barely miss the ogre.
The ogre is lightly wounded.
You hit the ogre.
The ogre is lightly wounded.
The ogre barely misses you.
You hit the ogre.
The ogre is moderately wounded.
The ogre barely misses you.
You barely miss the ogre.
The ogre is moderately wounded.
The ogre hits you but does no damage.
You barely miss the ogre.
The ogre is moderately wounded.
The ogre hits you but does no damage.
You hit the ogre.
The ogre is heavily wounded.
The ogre hits you with a +0 giant club!
* * * LOW HITPOINT WARNING * * *
You sock the ogre!
The ogre is severely wounded.
You hit the ogre.
The ogre is severely wounded.
The ogre barely misses you.
You barely miss the ogre.
The ogre is severely wounded.
The ogre hits you with a +0 giant club!
You die...

#.##.##..###.#####..#.. ....
....................>.. .....
.##.##..#########..#.. ....# .
##..# ### #..... ....# .. #...#
#.# #..... ....# ...# #..## #.#
#)##.. ....# .....
#..######.###.##.. ....###
#.....#..........##.##.. ......#
#....O@.............#..
############################.....
.........................# #.....
####.####.####.####.####.###..#.#
#..'.').#.#..'.+..#.#.8#.##...#.#
#..#.#..#.#..#.#..#.#..#.#.......
#'##.#+##.#'##.#'##.#'##.####...#
.........................# #.#.#
#'##.#+##.#'##.#)##.#'##.# #.#.#


You could see an ogre.

Vanquished Creatures
  A sky beast (D:4)
  A hound (D:4)
  An iguana (D:4)
  4 gnolls
  3 adders (D:2)
  A white imp (D:4)
  2 worms (D:2)
  5 dart slugs
  2 orcs
  2 ball pythons
  8 endoplasms
  2 giant cockroaches (D:1)
  9 goblins
  8 hobgoblins
  8 jackals
  4 quokkas
  4 bats
  4 frilled lizards
  4 kobolds
  4 rats
77 creatures vanquished.

Vanquished Creatures (others)
  2 plants (D:4)
2 creatures vanquished.

Grand Total: 79 creatures vanquished

Notes
Turn   | Place    | Note
-------+----------+-------------------------------------------
     0 | D:1      | Dittersdorf the Gargoyle Fighter began the quest for the
                  | Orb.
     0 | D:1      | Reached XP level 1. HP: 14/14 MP: 1/1
   148 | D:1      | Reached XP level 2. HP: 13/19 MP: 2/2
   407 | D:1      | Reached XP level 3. HP: 21/23 MP: 3/3
   733 | D:2      | Found Ynuwn's Weapon Emporium.
   900 | D:2      | Found a bloodstained altar of Trog.
  1085 | D:1      | Reached XP level 4. HP: 4/29 MP: 4/4
  1790 | D:2      | Reached XP level 5. HP: 29/33 MP: 5/5
  1904 | D:3      | Found a shimmering blue altar of Sif Muna.
  2220 | D:3      | Found a faded altar of an unknown god.
  2549 | D:4      | Identified the +1 robe of Tienlo {rC+ Will+}
  2569 | D:4      | Noticed a sky beast
  2579 | D:4      | Killed a sky beast
  2580 | D:4      | Reached XP level 6. HP: 39/39 MP: 6/6
  2616 | D:4      | Found a hazy altar of Hepliaklqana.
  3044 | D:4      | Slain by an ogre

Illustrated notes

Levels and vault maps discovered:
D:1:      dpeg_arrival_boxes_within_box, layout_basic
D:2:      layout_loops_corners, basic_altar, serial_shops, shop
D:3:      layout_rooms, mainiacjoe_overflow_tiny_flanked,
          ebering_ecumenical_altar_abandoned, minmay_distorted
D:4:      minmay_door_path, layout_basic, lemuel_doored_altar, serial_bayou,
          serial_bayou_ford_a, serial_bayou_pond_e, serial_bayou_pond_b,
          serial_bayou_pond_d

Skill      XL: |  1  2  3  4 |
---------------+-------------+-----
Fighting       | 4 |  4.8
Armour         | 4 |  4.7
Shields        | 4 |  4.7
Maces & Flails | 3 |  3.6

Action                     |  1- 3 |  4- 6 || total
---------------------------+-------+-------++-------
  Melee: Flail             |   110 |   149 ||   259
 Armour: Scale mail        |    46 |     1 ||    47
         Chain mail        |       |    84 ||    84
  Dodge: Dodged            |    58 |    73 ||   131
  Block: Buckler           |    37 |    34 ||    71

Table legend: (Time is in decaauts)
 A = Elapsed time spent in this place.
 B = Non-inter-level travel time spent in this place.
 C = Inter-level travel time spent in this place.
 D = Time resting spent in this place.
 E = Time spent auto-exploring this place.
 F = Levels seen in this place.
 G = Mean time per level.
                   A        B        C        D        E       F      G
               +--------+--------+--------+--------+--------+-----+--------+
         Total |   3131 |   2998 |    133 |    121 |   2197 |   4 |  782.8 |
       Dungeon |   3131 |   2998 |    133 |    121 |   2197 |   4 |  782.8 |
               +--------+--------+--------+--------+--------+-----+--------+

Top non-repeatable levels by time:
     D:2: 1077 daAuts
     D:1: 904 daAuts
     D:4: 671 daAuts
     D:3: 478 daAuts
